Cogmind - Beta 16 --- EXPLORER MODE // 2025.11.26 @ 16:13:03 Player: viper Result: Destroyed by L7-LLS(R) with Subdweller Machine Gun Performance ------------- Evolutions (0) 0 Regions Visited (2) 400 Robots Destroyed (12) 60 Value Destroyed (165) 165 Prototype IDs (0) 0 Alien Tech Used (0) 0 Bonus (0) 0 TOTAL SCORE: 625 Bonus ------- None Cogmind --------- Core Integrity 0/250 Matter 290/300 Energy 100/100 System Corruption 0% Temperature Cool (0) Movement Core (1400) Ox27 Location -10/Subcaves Parts ------- > --- POWER (1) -------- (None) > --- PROPULSION (2) --- (None) > --- UTILITY (3) ------ Huge Storage Unit Targeting Computer Makeshift Light Armor Plating > --- WEAPON (2) ------- (None) > --- INVENTORY (25) --- Light Ion Engine Aluminum Leg Heat Sink Large Storage Unit Medium Matter Pod (100) Core Shielding Power Shielding Propulsion Shielding Utility Shielding Mining Claw Peak State ------------ > --- POWER ------------ Ion Engine > --- PROPULSION ------- Aluminum Leg Aluminum Leg > --- UTILITY ---------- Huge Storage Unit Targeting Computer Targeting Computer > --- WEAPON ----------- EM Pulse Gun Light Assault Rifle > --- INVENTORY -------- Light Ion Engine Aluminum Leg Heat Sink Large Storage Unit Medium Matter Pod Core Shielding Power Shielding Propulsion Shielding Utility Shielding Mining Claw [Rating: 9] Favorites ----------- Power Ion Engine Engine Ion Engine Propulsion Aluminum Leg Leg Aluminum Leg Utility Targeting Computer Storage Huge Storage Unit Processor Targeting Computer Protection Makeshift Light Armor Plating Weapon Light Assault Rifle Energy Gun EM Pulse Gun Ballistic Gun Light Assault Rifle Build | -11 -10 -10 ------- Run | Yrd Mat Sub Slots Evolved 1 | . 1 . Power . | . . . Propulsion . | . . . Utility 1 | . 1 . Weapon . | . . . Parts Attached 13 | 7 4 2 Power 2 | 1 . 1 Engine 2 | 1 . 1 Core . | . . . Reactor . | . . . Propulsion 3 | 2 1 . Treads . | . . . Leg 3 | 2 1 . Wheel . | . . . Hover . | . . . Flight . | . . . Utility 6 | 2 3 1 Device . | . . . Storage 3 | 1 2 . Processor 2 | 1 1 . Hackware . | . . . Protection 1 | . . 1 Artifact . | . . . Weapon 2 | 2 . . Energy Gun 1 | 1 . . Energy Cannon . | . . . Ballistic Gun 1 | 1 . . Ballistic Cannon . | . . . Launcher . | . . . Special Weapon . | . . . Impact Weapon . | . . . Slashing Weapon . | . . . Piercing Weapon . | . . . Special Melee Weapon . | . . . Unidentified Prototypes . | . . . Parts Lost 7 | . . 7 Power 2 | . . 2 Propulsion 2 | . . 2 Utility 1 | . . 1 Weapon 2 | . . 2 Highest Loss Streak 5 | . . 5 To Critical Strikes . | . . . Average Backups 7 | 1 7 9 Power . | . 1 . Propulsion . | . . 1 Utility 5 | 1 5 7 Weapon . | . . 1 Tool/Special . | . . . Unused Backups 7 | . . 7 Power . | . . . Propulsion . | . . . Utility 6 | . . 6 Weapon 1 | . . 1 Tool/Special . | . . . Average Slot Usage (%) 84 | . 97 58 Engine 9 | . 11 5 Leg 19 | . 23 10 Storage 12 | . 12 12 Processor 22 | . 25 18 Protection 1 | . . 3 Energy Gun 8 | . 12 2 Ballistic Gun 8 | . 11 4 Peak Build Rating 9 | 7 9 9 Average Rating 7 | 4 7 6 On Entrance 5 | . 7 9 Avg Prop Armor Cover (%) 8 | . 8 . Naked Turns . | . . . Heaviest Build 88 | 18 88 88 Greatest Support 20 | 20 20 20 Greatest Overweight (x) 27 | 3 8 27 Average Overweight (x) 4 | . 4 12 Largest Inventory Capacity 25 | 10 25 25 Average Capacity 23 | 9 24 25 Most Carried 10 | 5 10 10 Average Carried 8 | 1 7 9 Final Capacity 25 | 10 25 25 Final Carried 10 | 4 10 10 Class Distribution -------------------- 100% | Hacker-Mutant Dominant Class ---------------- Hacker-Mutant | -10/Materials Hacker-Mutant | -10/Subcaves Resources | -11 -10 -10 ----------- Run | Yrd Mat Sub Matter Collected 494 | 254 203 37 Remotely . | . . . Salvage Created 301 | . 177 124 Parts 24 | . 16 8 Haulers Intercepted 2 | . 2 . Recyclers Shooed . | . . . Parts Field Recycled . | . . . Retrieved Matter . | . . . Parts Self-Destructed . | . . . Prevented . | . . . Parts Restored . | . . . Kills | -11 -10 -10 ------- Run | Yrd Mat Sub Combat Hostiles Destroyed 6 | . 2 4 Guns 4 | . 1 3 AOE 2 | . 1 1 Classes Destroyed 6 | . 5 1 Worker 1 | . 1 . Hauler 2 | . 2 . Turret 2 | . . 2 Watcher 1 | . 1 . Swarmer 5 | . 1 4 Grunt 1 | . 1 . Best Kill Streak 4 | . 2 4 Combat Bots Only 4 | . 1 4 Max Kills in Single Turn 2 | . 2 1 Gunslinging . | . . . Exploded 1 | . 1 1 Melee . | . . . Uniques/NPCs Destroyed . | . . . Combat | -11 -10 -10 -------- Run | Yrd Mat Sub Hostile Shots Fired 313 | . 10 303 Missed 124 | . 2 122 Hits 189 | . 8 181 Projectile 189 | . 8 181 Damage Taken 808 | . 59 749 Core 262 | . 15 247 Absorbed by Shields . | . . . Ignored by Resistances 600 | . 39 561 Core Remaining (%) 100 | 100 . . Volleys Fired 50 | . 17 33 Largest 2 | . 2 2 Hottest 60 | . 60 60 Shots Fired 75 | . 34 41 Gun 75 | . 34 41 Cannon . | . . . Launcher . | . . . Special . | . . . Kinetic 50 | . 17 33 Thermal . | . . . Explosive . | . . . Electromagnetic 25 | . 17 8 Robot Hit Streak 26 | . 16 26 Robot Miss Streak 2 | . 2 1 Penetration Max . | . . . Secondary Targets 2 | . . 2 Max Gunslinging Chain 1 | . . 1 Shots Hit Robots 66 | . 27 39 Core Hits 27 | . 10 17 Critical Kills . | . . . Critical Parts Destroyed . | . . . Critical Strikes 1 | . . 1 Corrupt 1 | . . 1 Melee Attacks . | . . . Impact . | . . . Slashing . | . . . Piercing . | . . . Sneak Attacks . | . . . Combat Hostiles . | . . . Follow-up Attacks . | . . . Damage Inflicted 729 | . 386 343 Guns 623 | . 305 318 Cannons . | . . . Explosions 104 | . 81 23 Melee . | . . . Ramming 2 | . . 2 Kinetic 329 | . 100 229 Thermal 104 | . 81 23 Explosive . | . . . Electromagnetic 294 | . 205 89 Impact . | . . . Slashing . | . . . Piercing . | . . . Highest Corruption . | . . . Average Corruption . | . . . Corruption Purged . | . . . Corruption Blocked . | . . . Overload Shots . | . . . Overflow Damage . | . . . Projectiles . | . . . Explosions . | . . . Melee . | . . . Knockbacks . | . . . Impact . | . . . Kinetic . | . . . Secondary . | . . . Self-Inflicted Damage 20 | . 20 . Shots 1 | . 1 . Rammed 2 | . . 2 Targets Rammed 2 | . . 2 Kicked . | . . . Crushed . | . . . Highest Temperature 44 | . 44 10 Average Temperature 18 | . 20 5 Received Heat Transfer 954 | . 12 942 Siege Activations . | . . . Martial Activations . | . . . Shielding Activations . | . . . Robots Disrupted . | . . . Combat Hostiles . | . . . Robots Corrupted . | . . . Combat Hostiles . | . . . Parts Fried 1 | . 1 . Impact Corruptions . | . . . Robots Melted . | . . . Combat Hostiles . | . . . Parts Melted . | . . . Heat Transferred 150 | . 100 50 Parts Sabotaged . | . . . Parts Stolen . | . . . Parts Stripped . | . . . Power Chain Reactions 3 | . 2 1 Alert | -11 -10 -10 ------- Run | Yrd Mat Sub Maximum Alert Level . | . . . Low Security (%) 100 | 100 100 . Level 1 . | . . . Level 2 . | . . . Level 3 . | . . . Level 4 . | . . . Level 5 . | . . . High Security . | . . . Max Security . | . . . Peak Influence 38 | . 38 . Initial . | . . . Average 2 | . 2 . Influence Increases 303 | . 93 210 Destroy 0b10 Robot/C 160 | . 40 120 Destroy 0b10 Robot/NC 20 | . 20 . Destroy Leader 26 | . 26 . Destroy Structure 7 | . 7 . Lose Combat Pursuer 90 | . . 90 Influence Decreases 303 | . 93 210 Time Decay 233 | . 93 140 Lost Part 70 | . . 70 Squads Dispatched 1 | . 1 . Investigation 1 | . 1 . Extermination . | . . . Reinforcement . | . . . Assault . | . . . Garrison . | . . . Intercept . | . . . Searches Triggered . | . . . Construction Impeded . | . . . Haulers Reinforced . | . . . Active Scanning Responses . | . . . Cargo Convoy Interrupts . | . . . Stealth | -11 -10 -10 --------- Run | Yrd Mat Sub Distress Signals . | . . . Communications Jammed . | . . . Distress Signals . | . . . Times Spotted 15 | . 6 9 Peak Tracking Total 6 | . 4 6 Tactical Retreats 4 | . . 4 Traps | -11 -10 -10 ------- Run | Yrd Mat Sub Traps Triggered 1 | . 1 . Indirectly . | . . . Trap Hack Attempts . | . . . Triggered . | . . . Disarmed 6 | . 6 . Reprogrammed . | . . . Reused . | . . . Traps Extracted . | . . . Installed . | . . . Triggered . | . . . Machines | -11 -10 -10 ---------- Run | Yrd Mat Sub Machines Disabled . | . . . Max in Single Turn . | . . . Machines Repaired . | . . . Machines Dismantled . | . . . Machines Sabotaged . | . . . Overloaded Fab Kills . | . . . Hacking | -11 -10 -10 --------- Run | Yrd Mat Sub Machines Accessed 1 | . 1 . Terminals 1 | . 1 . Fabricators . | . . . Repair Stations . | . . . Recycling Units . | . . . Scanalyzers . | . . . Garrison Access . | . . . Total Hacks 3 | . 3 . Successful 2 | . 2 . Failed 1 | . 1 . Catastrophic . | . . . Database Lockouts . | . . . Manual . | . . . Terminals 3 | . 3 . Fabricators . | . . . Repair Stations . | . . . Recycling Units . | . . . Scanalyzers . | . . . Garrison Access . | . . . Terminal Hacks 2 | . 2 . Locate Traps 1 | . 1 . Disarm Traps 1 | . 1 . Fabricator Hacks . | . . . Repair Station Hacks . | . . . Recycling Unit Hacks . | . . . Scanalyzer . | . . . Garrison Access Hacks . | . . . Unauthorized Hacks . | . . . Terminals . | . . . Fabricators . | . . . Repair Stations . | . . . Recycling Units . | . . . Scanalyzers . | . . . Garrison Access . | . . . Data Cores Recovered . | . . . Used . | . . . Hacking Detections 1 | . 1 . Full Trace Events 1 | . 1 . Feedback Events . | . . . Feedback Blocked . | . . . Robot Schematics Acquired . | . . . Robots Built . | . . . Authchips . | . . . Time . | . . . Total Robot Build Rating . | . . . Part Schematics Acquired . | . . . Parts Built . | . . . Authchips . | . . . Time . | . . . Total Part Build Rating . | . . . Part Studies Acquired . | . . . Parts Repaired . | . . . Time . | . . . Parts Recycled . | . . . Recycled Matter . | . . . Retrieved Matter . | . . . Retrieved Components . | . . . Parts Scanalyzed . | . . . Part Schematics Acquired . | . . . Parts Damaged . | . . . Bothacking | -11 -10 -10 ------------ Run | Yrd Mat Sub Used RIF Installer . | . . . Robots Hacked . | . . . Non-combat . | . . . Combat . | . . . Robot Hacks Applied . | . . . Relay Couplers Released . | . . . Fabnet Peak Effective % . | . . . Robots Rewired . | . . . Allies Hacked . | . . . Hacks Repelled . | . . . Allies | -11 -10 -10 -------- Run | Yrd Mat Sub Total Allies . | . . . Largest Group . | . . . Highest-Rated Group . | . . . Highest-Rated Ally . | . . . Total Orders . | . . . Ally Attacks . | . . . Total Damage . | . . . Kills . | . . . Allies Corrupted . | . . . Allies Melted . | . . . Intel | -11 -10 -10 ------- Run | Yrd Mat Sub Active Infowar (turns) . | . . . Robot Analysis Total . | . . . Derelict Logs Recovered . | . . . Drone Launches . | . . . Drone Recoveries . | . . . Exploration | -11 -10 -10 ------------- Run | Yrd Mat Sub Turns Passed 1245 | 78 768 399 Spaces Moved 276 | 62 175 39 Core 35 | 21 . 14 Treads . | . . . Legs 241 | 41 175 25 Wheels . | . . . Hover . | . . . Flight . | . . . Fastest Speed 50 | 50 120 400 Average Speed 389 | 103 404 774 Slowest Speed 1400 | 200 680 1400 Overloaded Moves . | . . . Propulsion Burnouts . | . . . Robots Hopped . | . . . Potential Cave-ins . | . . . Cave-ins Triggered . | . . . Exploration Rate (%) 13 | 4 31 4 Regions Visited 2 Branch Regions 1 Pre-discovered Areas . | . . . Known Exits Taken 2 | 1 1 . Unknown Exits Taken . | . . . Scrap Searched . | . . . Spaces Dug . | . . . Terrain Destroyed 10 | . 6 4 Melee . | . . . Projectile . | . . . AOE 10 | . 6 4 Terrain Rammed . | . . . Walls Destroyed . | . . . Machines Disabled . | . . . Actions | -11 -10 -10 --------- Run | Yrd Mat Sub Total 358 | 73 208 77 Wait 4 | . 4 . Move 274 | 61 174 39 Hop . | . . . Pick Up 11 | 5 5 1 Fast Attach 10 | 6 3 1 Attach 3 | 1 1 1 Detach . | . . . Swap 3 | . 3 . Drop 1 | . 1 . Fire 50 | . 17 33 Melee . | . . . Ram 2 | . . 2 Kick . | . . . Crush . | . . . Escape Stasis . | . . . Rewire . | . . . Trap . | . . . Miscellaneous . | . . . Route ------- -11/Scrapyard -10/Materials (discovered 2 exits: *Min / *Sub) -10/Subcaves (discovered 1 exit: *Rec) History --------- Turn | Location | Event 3 | -11/Scrapyard | Identified exit to Materials 3 | -11/Scrapyard | Discovered exit to Materials (range 16) 79 | -11/Scrapyard | Entered Materials 79 | -10/Materials | Evolved 1 slot: Utility x1 310 | -10/Materials | Build established: Hacker-Mutant 474 | -10/Materials | Identified exit to Mines 474 | -10/Materials | Discovered exit to Mines (range 10) 793 | -10/Materials | Identified exit to Subcaves 793 | -10/Materials | Discovered exit to Subcaves (range 11) 847 | -10/Materials | Entered Subcaves 947 | -10/Subcaves | Identified exit to Recycling 947 | -10/Subcaves | Discovered exit to Recycling (range 12) 1015 | -10/Subcaves | Core integrity fell below 50% 1049 | -10/Subcaves | Core integrity fell below 20% 1075 | -10/Subcaves | Lost 5 parts (1p2n1u1w) 1246 | -10/Subcaves | Destroyed by L7-LLS(R) with Subdweller Machine Gun Last Messages --------------- 01044_ Targeting Computer destroyed. 01053_ Slammed into Autobeam Turret. 01062_ 8Q-TNL(O) collects matter. 01066_ Slammed into Autobeam Turret. 01066_ Autobeam Turret destroyed. 01067_ 8Q-TNL(O) collects matter. 01068_ 8Q-TNL(O) puts together Mak. Spear. 01081_ 8Q-TNL(O) collects matter. 01084_ Subatomizers dissect the Flight Unit. 01086_ 8Q-TNL(O) collects matter. 01099_ Subatomizers dissect the Flight Unit. 01100_ 8Q-TNL(O) collects matter. 01108_ 8Q-TNL(O) puts together Mak. Light Armor Plating. 01109_ Subatomizers dissect the Flight Unit. 01134_ Subatomizers dissect the Lgt. Assault Rifle. 01134_ Acquired Mak. Light Armor Plating. 01146_ Subatomizers dissect the Lgt. Assault Rifle. Map ----- +----------------------------------------------------+ | ???????????????? # #???????????????????????????? | | ????????????????% %% ????????????????????????????? | | ??????#####????# #????""?#?????????????????????? | | ??????# ##???# #????#"" ?????????????????????? | | ??????# ##### ##???# ??????????????????????? | | ??????# #### ??????????????????????? | | ??????# #???????????????????????? | | ??????## #????????????????????????? | | ???????## % #????????????????????????? | | ????????## %###?????????????????????????? | | ?????????# ## ##???????????????????????????? | | ?????????## ## #????????????????????????????? | | ??????????#### #????????????????????????????? | | ?????????????## ##??##???????????????????????? | | ??????????????## [### #???????????????????????? | | ???????????????## #???########????????????? | | ????????????????# ""#???#" """#????????????? | | ????????????????# [###### "#????????????? | | ???????????????## =;## # "#????????????? | | ???????????????# ;# ""##???????????? | | ???????????????# ###; [ = [ >#???????????? | | ???????????????# ##?##; = = ""##???????????? | | ???????????????##????## [ ## "#????????????? | | ??????????????????????## ## "#????????????? | | ???????????????????????# ###" """#????????????? | | ???????????????????????# @ #?########????????????? | | ???????????????????????# #?????????????????????? | | ??????????????????????# #?????????????????????? | | ????????????????????? #?????????????????????? | | ???????????????????? #?????????????????????? | | ??????????????????? ## #?????????????????????? | | ?????????????????? ?## ##?????????????????????? | | ????????????????? ???####??????????????????????? | | ??????????????? ??????????????????????????????? | | ?????????????? R ???????????????????????????????? | | ??????????????"""????????????????????????????????? | | ?????????????????????????????????????????????????? | | ?????????????????????????????????????????????????? | | ?????????????????????????????????????????????????? | | ?????????????????????????????????????????????????? | | ?????????????????????????????????????????????????? | | ?????????????????????????????????????????????????? | | ?????????????????????????????????????????????????? | | ?????????????????????????????????????????????????? | | ?????????????????????????????????????????????????? | | ?????????????????????????????????????????????????? | | ?????????????????????????????????????????????????? | | ?????????????????????????????????????????????????? | | ?????????????????????????????????????????????????? | | ?????????????????????????????????????????????????? | +----------------------------------------------------+ Best States ------------- Heat Dissipation 25 Energy Generation 10 Energy Capacity 250 Matter Stores 300 Matter Capacity 300 Sight Range 16 Terrain Scan Density 10 Armor Coverage 100 Resistance: KI 35 Resistance: TH 35 Resistance: EX 35 Resistance: EM 35 Resistance: I 35 Resistance: S 35 Resistance: P 35 Evasion (%) 55 Targeting Accuracy 10 Offensive Hacking 20 Item Schematics ----------------- None Robot Schematics ------------------ None Fabricated ------------ Nothing Repaired ---------- Nothing Studied --------- None Alien Tech Used ----------------- None Achievements -------------- None Challenges ------------ None Game ------ Seed VoltaicCorruptionTorch Manual? 0 Play Time 00:07:27 Cumulative 2206.2 hours Start 2025.11.26 @ 16:07:18 End 2025.11.26 @ 16:13:03 Sessions 1 Manual Loads 0 Difficulty Explorer Special Mode None Game No. 1074 Rogue 62 Adventurer 0 Explorer 1012 Win Type - Total 11 Types 11/0/0/0/0/0/0/0/0/0 Lore% 64 Gallery% 72 Achievement% 46 Wizard Run 0 Options --------- Layout 1 ASCII 0 Keyboard 0 Movement Mouse Keybinds 0 Fullscreen 1 Font 48/Smallcaps Map View 50x35 Zoom Use 0% Tactical HUD 1 Map Filters NONE Filters NONE Steam 1 RUN: 8aa51c24-ac48-4510-b6d6-f0d282b29dfc